petya, chaotic male human Rogue ----- ----- |.... ------- |...| |...| ....... |....########[.>.-### -...........| |.<^|# ---|- ......| ##....|# # | # --.--# # ##### ##### # ----- # # # # |...+#### # # |...| # # # |..)s@# # ----.------ |...| # |.......... ----- # |.........| -.----- #-.........| |.....| ###|...<.....| |.....| # |.........| |......## ----------- ------- petya the Cutpurse Experience level: 4 Strength: 18/01 Dexterity: 18 Constitution: 12 Intelligence: 8 Wisdom: 12 Charisma: 8 Health: 0(28) Energy: 15(15) Def: 5 Gold: 643 Moves: 3350 Dungeon seed: yWf6CJCDLPfZYu1- Game ID: petya_1528640433 Your Inventory: Coins $ - 643 gold pieces Weapons a - a +0 short sword (weapon in hand) b - 8 +0 daggers (in quiver) g - 8 +0 arrows l - a cursed poisoned -1 dart o - 7 +0 shuriken v - 3 +0 darts z - a +0 orcish dagger K - a cursed -1 elven dagger Armor N - an uncursed +0 orcish helm (being worn) Y - an uncursed +0 scale mail (being worn) Comestibles p - an uncursed lembas wafer q - an uncursed carrot u - an uncursed eucalyptus leaf C - an uncursed partly eaten food ration G - an uncursed food ration H - an uncursed tin of green mold Scrolls A - an uncursed scroll of enchant weapon Spellbooks k - an uncursed spellbook of stone to flesh w - an uncursed spellbook of cure blindness Potions c - an uncursed potion of sickness B - an uncursed potion of levitation E - a potion of holy water Rings I - an uncursed ring of conflict Tools d - an uncursed lock pick f - an uncursed sack x - an uncursed skeleton key F - a can of grease (0:24) Gems n - an uncursed worthless piece of violet glass r - an uncursed worthless piece of blue glass y - an uncursed worthless piece of white glass Spells and supernatural/magical abilities: Name Level Category Fail Memory B - cure blindness 2 healing 100% 92% S - stone to flesh 3 healing 100% 87% W - pray for help -- divine ? -- Your skills at the end: Fighting Skills Weapon Skills dagger [Basic] short sword [Basic] Spellcasting Skills Final Attributes: You were piously aligned. You were stealthy. You are dead. Vanquished creatures: a little dog a floating eye 7 dwarf zombies a werejackal an iguana a hobbit 5 giant rats a cave spider a yellow mold a red mold 3 geckos 8 jackals 2 foxes a kobold a goblin a sewer rat 7 grid bugs 2 bats 4 lichens 2 kobold zombies 3 newts 54 creatures vanquished. Voluntary challenges: You had been an atheist until turn 2565. You used a wielded weapon 37 times, starting on turn 76. You read items or engraved 4 times, starting on turn 593. You never genocided any monsters. You never polymorphed an object. You never changed form. You used no wishes. You never split a pudding. You never wrote Elbereth's name. You never violated your personal moral code. Dungeon overview: The Dungeons of Doom: levels 1 to 7 Level 1 a long staircase Level 2 an altar to Mog, a fountain Level 3 a delicatessen, a fountain Level 4 a long staircase Level 5 a fountain Level 6 many fountains Level 7 <- You were here a long staircase History has recorded: On T:1 you entered the Dungeons of Doom to retrieve the Amulet of Yendor! On T:359 you reached level 2 of The Dungeons of Doom. On T:551 you advanced to experience level 2. On T:772 you reached level 3 of The Dungeons of Doom. On T:1412 you advanced to experience level 3. On T:1446 you reached level 4 of The Dungeons of Doom. On T:1487 you reached level 5 of The Dungeons of Doom. On T:1891 you advanced to experience level 4. On T:2748 you reached level 6 of The Dungeons of Doom. On T:3020 you reached level 7 of The Dungeons of Doom. Score breakdown: Gold: 643 ( 9554 points) Experience: 4 levels ( 9649 points) Exploration: 7 levels ( 15.56%) (11078 points) Discoveries: 2 items ( 0.67%) ( 2457 points) Valuables value: (no points given unless you survive) Artifact value: 0 ( 0 points) Variety of kills: 21 monsters ( 5.51%) ( 7043 points) Turncount: 3350 turns ( -762 points) Survival: died (score multiplied by 80%) Total score: 31215 Latest messages: You see here a runed dagger. K - a runed dagger. You throw 2 daggers. The 1st dagger hits the hobbit! You kill the hobbit! b - a +0 dagger (in quiver). There is an open door here. You see here a hooded cloak. You stop running. b - a +0 dagger (in quiver). The giant spider bites! (2x) You hear some noises. The giant spider bites! Azog misses the giant spider. (2x) The giant spider bites! Azog bites the giant spider. The giant spider bites azog. The dagger hits the giant spider. The giant spider bites! The giant spider's bite was poisoned! You die... The sack is empty. Final status: Goodbye petya the Rogue, killed by a giant spider... You died in The Dungeons of Doom on dungeon level 7 with 31215 points, and 643 pieces of gold, after 3350 moves. You were level 4 with a maximum of 28 hit points when you died.